cohdb
Replays
Latest Replays
All Replays
Popular Replays
Top Player Replays
Match Explorer
How It Works
Community
CoH3 Stats
Reddit
Sign in to upload your games and track your stats! →
Sign in with Steam
Match 43874786
Unlisted
Match 43874786
Overview
Messages
Build Orders
End
Kettenkrad Recon Vehicle
Construct Infanterie Kompanie
Selects Terror Battlegroup
Selects Terror Battlegroup
Selects Machine Gun Camouflage
MG 42 Machine Gun Team
Grenadier Squad
MG 42 Machine Gun Team
Grenadier Squad
Selects Contempt for the Weak
Construct Luftwaffe Kompanie
221 Scout Car
Support Elements
Wirbelwind Flakpanzer
Wirbelwind Flakpanzer
Selects Jericho Trumpet
Medical Station
Marder III M Tank Destroyer
Luftwaffe Officer Quarters
Jäger Squad
STALKER4732
ezh
companyHOLLAND
Devochkin
Captain Winters
Groju
KEKEKING
Jagerr ♛
0
0
Comments
sign in to comment!
No comments posted yet!